 Dungeon Crawl Stone Soup version 0.29-a0-243-g602b31c20e (webtiles) character file.

Game seed: 14755949067320769018

53 Ajdolov the Shooter (level 3, 0/18 HPs)
             Began as a Spriggan Hunter on Mar 4, 2022.
             Killed from afar by an orc wizard (3 damage)
             ... with a magic dart
             ... on level 2 of the Dungeon.
             The game lasted 00:01:48 (1420 turns).

Ajdolov the Shooter (Spriggan Hunter)               Turns: 1420, Time: 00:01:49

Health: 0/18       AC:  2    Str:  8    XL:     3   Next: 64%
Magic:  4/4        EV: 17    Int: 12    God:
Gold:   86         SH:  0    Dex: 17    Spells: 2/2 levels left

rFire   . . .      SeeInvis +   a - +1 shortbow
rCold   . . .      Faith    .   (shield currently unavailable)
rNeg    . . .      Spirit   .   b - +0 robe
rPois   .          Reflect  .   (helmet restricted)
rElec   .          Harm     .   (no cloak)
rCorr   .          Rampage  .   (gloves unavailable)
Will    .....                   (boots unavailable)
Stlth   ++........              (no amulet)
HPRegen 0.06/turn               (no ring)
MPRegen 0.09/turn               (no ring)

@: very quick
A: very small, no large weapons, unfitting armour, see invisible, speed 3
a: no special abilities


You were on level 2 of the Dungeon.
You visited 1 branch of the dungeon, and saw 2 of its levels.

You collected 86 gold pieces.

Inventory:

Hand Weapons
 a - a +1 shortbow (weapon)
Missiles
 d - a throwing net
Armour
 b - a +0 robe (worn)
Scrolls
 f - a scroll of fog {unknown}
Potions
 c - a potion of attraction {unknown}
 e - a potion of invisibility {unknown}
 g - a potion of flight {unknown}


   Skills:
 + Level 2.2 Fighting
 * Level 6.0 Bows
 - Level 2.6 Dodging
 - Level 1.5 Stealth


You had 2 spell levels left.
You didn't know any spells.
Your spell library was empty.

Dungeon Overview and Level Annotations

Branches:
Dungeon (2/15)

Altars:

Shops:
D:1 :


Innate Abilities, Weirdness & Mutations

You are very small and have problems with some larger weapons.
You are too small for most types of armour.
You have supernaturally acute eyesight. (SInv)
You cover ground extremely quickly. (Speed+++)


Message History

No target in view!
No target in view!
You see here a rat corpse.
Found a short sword. 3 orcs come into view.
You shoot an arrow. The arrow hits the orc!
You kill the orc!
You hear a shout! x2; The orc shouts!
An orc wizard comes into view. It is wielding a +0 dagger.
An orc priest comes into view. It is wielding a +0 hand axe.
The orc priest closely misses you.
The orc wizard moves out of view.
You shoot an arrow. The orc shouts!
The arrow hits the orc priest!
The orc priest is heavily wounded.
You shoot an arrow.
The arrow closely misses the orc priest.
The orc priest hits you with a +0 hand axe.
You shoot an arrow. The arrow barely misses the orc priest.
The orc priest hits you with a +0 hand axe.
You shoot an arrow. The arrow hits the orc priest.
The orc priest is heavily wounded.
Shoot: a) +1 shortbow
Press: ? - help, Q - select action, (/) - cycle Shift-Dir - straight line, f/p - orc priest
Aim: an orc priest, wielding a +0 hand axe (heavily wounded, 65% to hit)
You shoot an arrow.
The arrow closely misses the orc priest.
The orc wizard gestures at you while chanting.
The magic dart hits you!
* * * LOW HITPOINT WARNING * * *
The orc priest miscasts a cantrip.
Shoot: a) +1 shortbow
Press: ? - help, Q - select action, (/) - cycle Shift-Dir - straight line, f/p - orc priest
Aim: an orc priest, wielding a +0 hand axe (heavily wounded, 65% to hit)
You shoot an arrow.
The arrow hits the orc priest but does no damage.
The orc priest is heavily wounded.
The orc wizard points at you and mumbles some strange words.
The magic dart hits you.
You die...

#.# #.....⌠.....
#.####..........#
##...............#
#....###........##
#.#### ###......#.
#.# ####...##. #.#
#.#.####..†.
#o###...... #####
#@.oo.....# #
####o...###
)...... .#.####
o#.# .# # .. ##


You could see an orc priest, an orc wizard and 2 orcs.

Vanquished Creatures
  An adder (D:2)
  3 dart slugs
  An orc (D:2)
  2 endoplasms
  7 goblins
  A hobgoblin (D:2)
  3 kobolds
  6 quokkas
  3 ball pythons
  4 frilled lizards
  4 rats
35 creatures vanquished.

Vanquished Creatures (others)
  A fungus (D:1)
1 creature vanquished.

Grand Total: 36 creatures vanquished

Notes
Turn   | Place    | Note
-------+----------+-------------------------------------------
     0 | D:1      | Ajdolov the Spriggan Hunter began the quest for the Orb.
     0 | D:1      | Reached XP level 1. HP: 10/10 MP: 2/2
    56 | D:1      | Reached skill level 5 in Bows
    86 | D:1      | Reached XP level 2. HP: 15/15 MP: 3/3
   774 | D:1      | Reached XP level 3. HP: 18/18 MP: 4/4
   813 | D:1      | Found Des Qeom's Book Boutique.
   982 | D:2      | Found a faded altar of an unknown god.
  1334 | D:2      | Reached skill level 6 in Bows
  1420 | D:2      | Killed from afar by an orc wizard

Illustrated notes

Levels and vault maps discovered:
D:1:      dpeg_arrival_shelter, layout_basic, serial_shops, shop,
          dreamdust_mushroom_princess
D:2:      minmay_skewed_foursquare, layout_loops_corners,
          shapermc_ecumenical_altar_venn, basic_altar, st_stairs_6

Skill      XL: |  1  2  3 |
---------------+----------+-----
Bows           | 5 6 |  6.0
Fighting       | 2 |  2.2
Dodging        | |  2.6
Stealth        | |  1.5

Action                   || total
-------------------------++-------
 Fire: Shortbow          ||   110
Armor: Robe              ||     3
Dodge: Dodged            ||    42

Table legend: (Time is in decaauts)
 A = Elapsed time spent in this place.
 B = Non-inter-level travel time spent in this place.
 C = Inter-level travel time spent in this place.
 D = Time resting spent in this place.
 E = Time spent auto-exploring this place.
 F = Levels seen in this place.
 G = Mean time per level.
                   A        B        C        D        E       F      G
               +--------+--------+--------+--------+--------+-----+--------+
         Total |   1037 |   1037 |      0 |    118 |    720 |   2 |  518.5 |
       Dungeon |   1037 |   1037 |      0 |    118 |    720 |   2 |  518.5 |
               +--------+--------+--------+--------+--------+-----+--------+

Top non-repeatable levels by time:
     D:1: 677 daAuts
     D:2: 360 daAuts
